 Dungeon Crawl Stone Soup version 0.29.0-4-gdea44cf6ec (webtiles) character file.

Game seed: 4257065541540338237

77 qw the Chopper (level 4, -1/26 HPs)
             Began as a Tengu Warper on Aug 28, 2022.
             Succumbed to a goblin's poison
             ... on level 3 of the Dungeon.
             The game lasted 00:00:16 (2823 turns).

qw the Chopper (Tengu Warper)                       Turns: 2823, Time: 00:00:16

Health: -1/26      AC:  8    Str: 13    XL:     4   Next: 34%
Magic:  8/8        EV:  6    Int: 14    God:
Gold:   61         SH:  0    Dex: 13    Spells: 7/7 levels left

rFire   . . .      SeeInvis .   Y - +0 hand axe
rCold   . . .      Faith    .   (no shield)
rNeg    . . .      Spirit   .   c - +0 chain mail
rPois   .          Reflect  .   (helmet restricted)
rElec   .          Harm     .   (no cloak)
rCorr   .          Rampage  .   (no gloves)
Will    .....                   (boots unavailable)
Stlth   ..........              (no amulet)
HPRegen 0.08/turn               (no ring)
MPRegen 0.11/turn               (no ring)

@: lethally poisoned (-1 -> -7)
A: beak, talons 3
a: no special abilities


You were on level 3 of the Dungeon.
You visited 1 branch of the dungeon, and saw 4 of its levels.

You collected 152 gold pieces.
You spent 91 gold pieces at shops.


Innate Abilities, Weirdness & Mutations

You have a beak for a mouth.
You have claws for feet.


   Skills:
 - Level 2.0 Fighting
 + Level 4.9 Axes
 - Level 1.0 Throwing
 - Level 1.1 Armour
 - Level 2.1 Dodging
 - Level 2.0 Spellcasting
 - Level 2.4 Translocations


You had 7 spell levels left.
You didn't know any spells.
Your spell library contained the following spells:

 Spells                   Type           Power      Damage    Failure   Level
 Blink                    Tloc           16%        N/A       99%         2
 Gell's Gravitas          Tloc           8%         N/A       100%        3
 Lesser Beckoning         Tloc           8%         N/A       100%        3
 Teleport Other           Tloc           8%         N/A       100%        3
 Manifold Assault         Tloc           8%         N/A       100%        5

Inventory:

Hand Weapons
 h - a +0 flail
 Y - a +0 hand axe (weapon)
Armour
 c - a +0 chain mail (worn)
Scrolls
 a - a scroll of identify
Potions
 b - a potion of heal wounds
 e - 2 potions of haste
 f - a potion of attraction {unknown}
 g - a potion of brilliance {unknown}

Dungeon Overview and Level Annotations

Branches:
Dungeon (4/15)
 Temple: D:4-7

Altars:
Sif Muna

Shops:
D:4 (


Message History

What level of the Dungeon? (default 1, ? - help)
You climb downwards.
You hear the hiss of flowing sand.
There is an entrance to an ossuary on this level.
Hurry and find it before the portal is buried!
You hear the quick hiss of a distant avalanche of sand.
The goblin shouts!
You hear an angry hiss.
There is a stone staircase leading up here.
There are monsters nearby!
2812 ||| STAIRDANCE The goblin hits you but does no damage.
You are poisoned.
You climb upwards.
You feel sick.
There is a stone staircase leading down here.
You closely miss the goblin.
You feel sick. The goblin hits you but does no damage.
You barely miss the goblin.
You feel sick.
The goblin hits you with a +2 dagger of venom.
You are more poisoned.
You closely miss the goblin.
You feel very sick. The goblin hits you but does no damage.
You are lethally poisoned!
You closely miss the goblin. Your kick misses the goblin. You peck the goblin.
The goblin is moderately wounded.
You feel very sick. The goblin barely misses you.
You hit the goblin.
You kill the goblin!
You feel very sick.
There is a lethal amount of poison in your body!
You feel very sick.
There is a lethal amount of poison in your body!
You feel very sick.
There is a lethal amount of poison in your body!
You feel sick.
There is a lethal amount of poison in your body!
You feel sick.
There is a lethal amount of poison in your body!
You die...

#...........# ..###.##
####........# ... #.......
########........# #..#
####.... #.....##.#.######
#..# ##... #.###..#...# .(#
#... #....#....## ##.# #.##
####.......#######..#######
##.#
##............%........###%.#
#...........@..###.........#
#....<##...#.)..##.###.....##
#.....####......##.#...#.#...
####..# #................####
#..##..#...##.......### #
#..##.##........#...... ##
#...####%.......#...##########
#. #..................[ ...
#...#...#.....#.#... ....


There were no monsters in sight!

Vanquished Creatures
  2 adders
  2 worms
  A dart slug (D:1)
  An orc (D:4)
  3 endoplasms
  2 giant cockroaches (D:1)
  4 goblins
  4 hobgoblins
  6 jackals (D:3)
  3 kobolds
  2 quokkas (D:1)
  4 ball pythons
  9 bats
  2 frilled lizards
  4 rats
49 creatures vanquished.

Notes
Turn   | Place    | Note
-------+----------+-------------------------------------------
     0 | D:1      | qw the Tengu Warper began the quest for the Orb.
     0 | D:1      | Reached XP level 1. HP: 12/12 MP: 4/4
     0 | D:1      | 0 ||| qw: Version: 0.1-a-89-g26bdef1
     0 | D:1      | 0 ||| qw: Game counter: 3412
     0 | D:1      | 0 ||| qw: Always use a shield: true
     0 | D:1      | 0 ||| qw: God list: Okawaru
     0 | D:1      | 0 ||| qw: Allow faded altars: false
     0 | D:1      | 0 ||| qw: Do Orc after D:15 true
     0 | D:1      | 0 ||| qw: Do second Lair branch before Depths: true
     0 | D:1      | 0 ||| qw: Lair rune preference: random
     0 | D:1      | 0 ||| qw: Plans: Normal
     0 | D:1      | 0 ||| PLANNING D:1-11
   205 | D:1      | Reached XP level 2. HP: 17/17 MP: 6/6
   239 | D:1      | Reached skill level 3 in Axes
   569 | D:1      | Reached XP level 3. HP: 16/21 MP: 7/7
   643 | D:1      | 643 ||| Stepping ~*~*~tactically~*~*~ (stealth).
   645 | D:1      | 645 ||| Stepping ~*~*~tactically~*~*~ (stealth).
   919 | D:1      | 919 ||| UPGRADING to +0 robe of cold resistance.
   929 | D:1      | 929 ||| READING scroll labelled JAPAAN ZIGISSITZ.
   930 | D:1      | 930 ||| READING scroll labelled DOAW ESHADIN.
   931 | D:1      | 931 ||| READING scroll labelled SYUCO ZA YLI.
   932 | D:1      | 932 ||| DROPPING scroll of blinking.
  1089 | D:2      | Reached skill level 4 in Axes
  1122 | D:2      | 1122 ||| Stepping ~*~*~tactically~*~*~ (stealth).
  1124 | D:2      | 1124 ||| Stepping ~*~*~tactically~*~*~ (stealth).
  1126 | D:2      | 1126 ||| Stepping ~*~*~tactically~*~*~ (stealth).
  1127 | D:2      | 1127 ||| Stepping ~*~*~tactically~*~*~ (stealth).
  1135 | D:2      | Found a shimmering blue altar of Sif Muna.
  1602 | D:2      | 1602 ||| DROPPING +0 leather armour.
  1603 | D:2      | 1603 ||| UPGRADING to +0 chain mail.
  1613 | D:2      | 1613 ||| DROPPING +0 robe of cold resistance.
  1614 | D:2      | 1614 ||| READING 2 scrolls of identify.
  1614 | D:2      | 1614 ||| IDENTIFYING metallic brown potion
  1677 | D:3      | 1677 ||| FLEEEEING.
  1682 | D:3      | 1682 ||| STAIRDANCE
  2140 | D:3      | Reached XP level 4. HP: 26/26 MP: 8/8
  2266 | D:3      | You fall into a shaft and drop 1 floor!
  2266 | D:4      | Found Doekhlis's Antique Weapon Shop.
  2267 | D:4      | 2267 ||| PLANNING OSSUARY
  2277 | D:4      | 2277 ||| BUYING flail (91 gold).
  2277 | D:4      | Bought a flail for 91 gold pieces
  2277 | D:4      | 2277 ||| SHOPLISTING morningstar (104 gold, have 51).
  2277 | D:4      | 2277 ||| DROPPING +0 club.
  2291 | D:4      | 2291 ||| Stepping ~*~*~tactically~*~*~ (stealth).
  2295 | D:4      | 2295 ||| Stepping ~*~*~tactically~*~*~ (stealth).
  2296 | D:4      | 2296 ||| Stepping ~*~*~tactically~*~*~ (stealth).
  2297 | D:4      | 2297 ||| Stepping ~*~*~tactically~*~*~ (stealth).
  2315 | D:4      | HP: 6/26 [poisoned by an adder]
  2434 | D:4      | 2434 ||| Stepping ~*~*~tactically~*~*~ (stealth).
  2435 | D:4      | 2435 ||| Stepping ~*~*~tactically~*~*~ (stealth).
  2565 | D:4      | 2565 ||| FLEEEEING.
  2569 | D:4      | 2569 ||| FLEEEEING.
  2576 | D:4      | 2576 ||| FLEEEEING.
  2577 | D:4      | 2577 ||| FLEEEEING.
  2578 | D:4      | 2578 ||| FLEEEEING.
  2579 | D:4      | 2579 ||| FLEEEEING.
  2580 | D:4      | 2580 ||| FLEEEEING.
  2581 | D:4      | 2581 ||| FLEEEEING.
  2582 | D:4      | 2582 ||| FLEEEEING.
  2583 | D:4      | 2583 ||| Stepping ~*~*~tactically~*~*~ (stealth).
  2584 | D:4      | 2584 ||| FLEEEEING.
  2640 | D:4      | 2640 ||| FLEEEEING.
  2647 | D:4      | 2647 ||| STAIRDANCE
  2808 | D:3      | 2808 ||| READING 2 scrolls of identify.
  2808 | D:3      | 2808 ||| IDENTIFYING coppery potion
  2812 | D:4      | 2812 ||| STAIRDANCE
  2820 | D:3      | HP: 4/26 [poisoned by a goblin]
  2822 | D:3      | HP: 1/26 [poisoned by a goblin]
  2823 | D:3      | Succumbed to a goblin's poison

Levels and vault maps discovered:
D:1:      shiori_arrival_maze, layout_basic
D:2:      layout_loops_ring, basic_altar
D:3:      layout_rooms
D:4:      layout_cave_pools, minmay_temple_entry_mini_moons, serial_shops, shop,
          enter_ossuary_2

Skill      XL: |  1  2  3 |
---------------+----------+-----
Axes           | 3 4 |  4.9
Fighting       | |  2.0
Throwing       | |  1.0
Armour         | |  1.1
Dodging        | |  2.1
Spellcasting   | |  2.0
Translocations | |  2.4

Action                   |  1- 3 |  4- 6 || total
-------------------------+-------+-------++-------
Melee: Hand axe          |   103 |    31 ||   134
       Kick              |    17 |     5 ||    22
       Peck              |    17 |     3 ||    20
Throw: Boomerang         |     7 |       ||     7
  Use: Scroll            |     4 |     1 ||     5
Armor: Leather armour    |    21 |       ||    21
       Chain mail        |    21 |    20 ||    41
       Robe              |     2 |       ||     2
Dodge: Dodged            |    53 |    14 ||    67

Table legend:
 A = Non-vault XP
 B = Vault XP
 C = Vault XP percentage of total XP
 D = Non-vault monster count
 E = Vault monster count
 F = Vault count percentage of total count
                 A         B        C        D         E       F
            +---------+---------+-------+---------+---------+-------
      Total |     105 |       6 |   5.4 |      47 |       2 |   4.1
            +---------+---------+-------+---------+---------+-------
        D:1 |      37 |       6 |  14.0 |      24 |       2 |   7.7
        D:2 |       9 |       0 |   0.0 |       4 |       0 |   0.0
        D:3 |      40 |       0 |   0.0 |      15 |       0 |   0.0
        D:4 |      19 |       0 |   0.0 |       4 |       0 |   0.0
            +---------+---------+-------+---------+---------+-------
